[Event "74th Superior Womens Argentine-ch 2023"]
[Site "Buenos Aires"]
[Date "2023.11.21"]
[Round "1.1"]
[White "Ramirez, Marysol"]
[Black "Borda Rodas, Anapaola S."]
[Result "0-1"]
[ECO "D00"]
[WhiteElo "1720"]
[BlackElo "2261"]
[Annotator "RC"]
[PlyCount "66"]
[EventDate "2023.11.20"]
[EventType "swiss"]
[EventCountry "ARG"]
[SourceTitle "playchess.com"]
[Source "ChessBase"]
[SourceQuality "1"]
[TimeControl "5400+30"]

1. d4 d5 2. Bf4 Nf6 3. e3 g6 4. Bd3 Bg7 5. Nd2 O-O 6. h4 h5 7. Nh3 c5 8. c3 Qb6 9. Rb1 Nc6 10. Qf3 e5 11. dxe5 Ng4 12. Qg3 Ngxe5 13. e4 Nxd3+ 14. Qxd3 dxe4 15. Qe3 Be6 16. b3 Rad8 17. Ng5 Rfe8 18. O-O Rd3 19. Qxe4 Qd8 20. Nxe6 Rxe6 21. Qc4 Rxc3 22. Qa4 Qxh4 23. g3 Qh3 24. Rfe1 Bd4 25. Rxe6 Qxe6 26. Kg2 Qe2 27. Rf1 Rc2 28. a3 h4 29. b4 Rxd2 30. Bxd2 Qxd2 31. bxc5 hxg3 32. Kxg3 Qd3+ 33. f3 Qxf1 0-1

[Event "74th Superior Womens Argentine-ch 2023"]
[Site "Buenos Aires"]
[Date "2023.11.21"]
[Round "1.2"]
[White "Campos, Maria Jose"]
[Black "Montiel Marin, Micaela Agustina"]
[Result "1-0"]
[ECO "A21"]
[WhiteElo "2208"]
[BlackElo "1631"]
[Annotator "RC"]
[PlyCount "59"]
[EventDate "2023.11.20"]
[EventType "swiss"]
[EventCountry "ARG"]
[SourceTitle "playchess.com"]
[Source "ChessBase"]
[SourceQuality "1"]
[TimeControl "5400+30"]

1. c4 g6 2. g3 Bg7 3. Bg2 d6 4. Nc3 e5 5. d3 h6 6. Rb1 f5 7. e3 c6 8. Nge2 Nf6 9. O-O O-O 10. Kh1 Be6 11. f4 Nbd7 12. b4 Bf7 13. b5 Qc7 14. a4 exf4 15. Nxf4 Ng4 16. Qc2 g5 17. Nfe2 Bg6 18. bxc6 bxc6 19. Nd4 Nge5 20. Ne6 Qa5 21. Bd2 Qa6 22. Nc7 Qc8 23. Nxa8 Qxa8 24. e4 Qc8 25. exf5 Bxf5 26. Rxf5 Rxf5 27. d4 Nxc4 28. Qxf5 Nxd2 29. Rd1 Nc4 30. Qe6+ 1-0

[Event "74th Superior Womens Argentine-ch 2023"]
[Site "Buenos Aires"]
[Date "2023.11.21"]
[Round "1.3"]
[White "Bossero, Ingrid"]
[Black "Sarquis, Maria Belen"]
[Result "0-1"]
[ECO "C54"]
[WhiteElo "1607"]
[BlackElo "2194"]
[Annotator "RC"]
[PlyCount "72"]
[EventDate "2023.11.20"]
[EventType "swiss"]
[EventCountry "ARG"]
[SourceTitle "playchess.com"]
[Source "ChessBase"]
[SourceQuality "1"]
[TimeControl "5400+30"]

1. e4 e5 2. Nf3 Nc6 3. Bc4 Nf6 4. d3 Bc5 5. c3 O-O 6. O-O d5 7. exd5 Nxd5 8. h3 Nb6 9. Bb3 Bf5 10. Bc2 Re8 11. Re1 Qd7 12. Be3 Bxe3 13. Rxe3 Nd5 14. Re1 Nf4 15. Re3 Nd5 16. Re1 Re6 17. d4 Bxc2 18. Qxc2 Nf4 19. Nxe5 Nxe5 20. Rxe5 Rg6 21. Qf5 Qc6 22. Qe4 Rxg2+ 23. Kh1 Qd7 24. Qf3 Rg6 25. Na3 Rh6 26. Kg1 f6 27. Re3 Nd5 28. Rd3 g5 29. Qg4 f5 30. Qg3 Nf4 31. Re3 Nxh3+ 32. Qxh3 Rxh3 33. Rxh3 Re8 34. Kf1 f4 35. Rh1 Qg4 36. Rg1 Qh3+ 0-1

[Event "74th Superior Womens Argentine-ch 2023"]
[Site "Buenos Aires"]
[Date "2023.11.21"]
[Round "1.4"]
[White "Zuriel, Marisa"]
[Black "Recalde, Ailin"]
[Result "1-0"]
[ECO "B38"]
[WhiteElo "2165"]
[BlackElo "1449"]
[Annotator "RC"]
[PlyCount "59"]
[EventDate "2023.11.20"]
[EventType "swiss"]
[EventCountry "ARG"]
[SourceTitle "playchess.com"]
[Source "ChessBase"]
[SourceQuality "1"]
[TimeControl "5400+30"]

1. e4 c5 2. Nf3 Nc6 3. d4 cxd4 4. Nxd4 g6 5. c4 Bg7 6. Be3 d6 7. Nc3 Nf6 8. Be2 O-O 9. O-O Bd7 10. h3 Rc8 11. Rc1 a6 12. Nc2 Qc7 13. Qd2 Nd8 14. Rfd1 Ne6 15. f3 Rb8 16. Nb4 Qa5 17. Nbd5 Nxd5 18. Nxd5 Qd8 19. Bb6 Qe8 20. Kh1 f5 21. exf5 Rxf5 22. f4 Bh6 23. Rf1 Qf8 24. Be3 Bc6 25. Bg4 Nxf4 26. Bxf5 gxf5 27. Bxf4 Bg7 28. Bg5 Bf6 29. Bxf6 exf6 30. Rxf5 1-0

[Event "74th Superior Womens Argentine-ch 2023"]
[Site "Buenos Aires"]
[Date "2023.11.21"]
[Round "1.5"]
[White "Quiroga Ortiz, Isabella"]
[Black "Brizzi, Milagros Tatiana"]
[Result "0-1"]
[ECO "B13"]
[WhiteElo "1417"]
[BlackElo "2076"]
[Annotator "RC"]
[PlyCount "80"]
[EventDate "2023.11.20"]
[EventType "swiss"]
[EventCountry "ARG"]
[SourceTitle "playchess.com"]
[Source "ChessBase"]
[SourceQuality "1"]
[TimeControl "5400+30"]

1. e4 c6 2. d4 d5 3. exd5 cxd5 4. Nf3 Nc6 5. Bd3 Bg4 6. c3 e6 7. O-O Nf6 8. Nbd2 Bd6 9. Re1 O-O 10. Nf1 Qc7 11. Bg5 Nd7 12. h3 Bh5 13. g4 Bg6 14. Kg2 Rae8 15. Ng3 h6 16. Bc1 Nf6 17. g5 Bxg3 18. fxg3 Ne4 19. Bf4 e5 20. dxe5 hxg5 21. Nxg5 Qb6 22. Nxe4 dxe4 23. Bxe4 Qxb2+ 24. Kg1 Nxe5 25. Bxe5 Rxe5 26. Bxg6 Rxe1+ 27. Qxe1 fxg6 28. h4 Qb6+ 29. Kh1 Kh7 30. Rb1 Qc6+ 31. Kg1 Qc5+ 32. Kg2 Qd5+ 33. Kg1 Rf3 34. a3 Rd3 35. Ra1 Rd2 36. Qf1 Qc5+ 37. Kh1 Qxc3 38. Rd1 Qc6+ 39. Kg1 Qc5+ 40. Kh1 Qd5+ 0-1

[Event "74th Superior Womens Argentine-ch 2023"]
[Site "Buenos Aires"]
[Date "2023.11.22"]
[Round "2.1"]
[White "Borda Rodas, Anapaola S."]
[Black "Flores Mirabal, Nancy"]
[Result "1-0"]
[ECO "B52"]
[WhiteElo "2261"]
[BlackElo "1937"]
[Annotator "RC"]
[PlyCount "69"]
[EventDate "2023.11.20"]
[EventType "swiss"]
[EventCountry "ARG"]
[SourceTitle "playchess.com"]
[Source "ChessBase"]
[SourceQuality "1"]
[TimeControl "5400+30"]

1. e4 c5 2. Nf3 d6 3. Bb5+ Bd7 4. Bxd7+ Qxd7 5. c4 Nc6 6. Nc3 g6 7. d4 cxd4 8. Nxd4 Bg7 9. Be3 Rc8 10. f3 Nf6 11. Nde2 O-O 12. O-O Rfd8 13. Qd2 e6 14. Rfd1 Qe8 15. Nf4 Ne7 16. Bxa7 Rxc4 17. Bb6 Rd7 18. Rac1 Qb8 19. Nd3 Ne8 20. a4 Bd4+ 21. Bxd4 Rxd4 22. Nb5 Rxd3 23. Qxd3 d5 24. Qe3 Qd8 25. e5 Nc6 26. f4 Qa5 27. Qa3 Ng7 28. Nd6 Nh5 29. Nxb7 Qb6+ 30. Nc5 Rc7 31. Kh1 Nxf4 32. Rf1 Ne2 33. Nxe6 Rc8 34. Qf3 Nxe5 35. Rxc8+ 1-0

[Event "74th Superior Womens Argentine-ch 2023"]
[Site "Buenos Aires"]
[Date "2023.11.22"]
[Round "2.2"]
[White "Bosco, Giuliana"]
[Black "Campos, Maria Jose"]
[Result "0-1"]
[ECO "C90"]
[WhiteElo "1878"]
[BlackElo "2208"]
[Annotator "RC"]
[PlyCount "86"]
[EventDate "2023.11.20"]
[EventType "swiss"]
[EventCountry "ARG"]
[SourceTitle "playchess.com"]
[Source "ChessBase"]
[SourceQuality "1"]
[TimeControl "5400+30"]

1. e4 e5 2. Nf3 Nc6 3. Bb5 a6 4. Ba4 Nf6 5. O-O Be7 6. Re1 b5 7. Bb3 d6 8. c3 O-O 9. a4 Bb7 10. d4 h6 11. Nbd2 exd4 12. cxd4 Nb4 13. d5 Nd3 14. Re3 Nc5 15. Nd4 bxa4 16. Bc2 Re8 17. Bxa4 Nxa4 18. Rxa4 Nd7 19. f4 Bf6 20. Nf5 Nc5 21. Rc4 Bc8 22. Ng3 a5 23. e5 Be7 24. Rd4 dxe5 25. fxe5 Ne6 26. dxe6 Qxd4 27. exf7+ Kxf7 28. Qh5+ g6 29. Qxh6 Rh8 30. Qxh8 Qxe3+ 31. Kh1 Qe1+ 32. Ndf1 Qxc1 33. Qh7+ Kf8 34. Qh8+ Kf7 35. Qh7+ Ke8 36. Qg8+ Bf8 37. Qxg6+ Kd8 38. Qf6+ Be7 39. Qh8+ Kd7 40. Qg8 Ra6 41. Qg4+ Re6 42. h4 Ba6 43. Qf5 Bxh4 0-1

[Event "74th Superior Womens Argentine-ch 2023"]
[Site "Buenos Aires"]
[Date "2023.11.22"]
[Round "2.3"]
[White "Sarquis, Maria Belen"]
[Black "Encina, Guadalupe"]
[Result "1-0"]
[ECO "B52"]
[WhiteElo "2194"]
[BlackElo "1877"]
[Annotator "RC"]
[PlyCount "57"]
[EventDate "2023.11.20"]
[EventType "swiss"]
[EventCountry "ARG"]
[SourceTitle "playchess.com"]
[Source "ChessBase"]
[SourceQuality "1"]
[TimeControl "5400+30"]

1. e4 c5 2. Nf3 d6 3. Bb5+ Bd7 4. Bxd7+ Qxd7 5. c4 Nf6 6. Nc3 g6 7. d4 cxd4 8. Nxd4 Bg7 9. b3 Nc6 10. Bb2 Qg4 11. O-O Nxd4 12. Qxd4 Nh5 13. Qd1 Qg5 14. g3 O-O 15. Rb1 Qa5 16. Nd5 Rfe8 17. Qd3 a6 18. a4 Bxb2 19. Rxb2 Rab8 20. Ra1 Ng7 21. b4 Qd8 22. a5 Ne6 23. Rd1 Qc8 24. Nb6 Qc7 25. h4 h5 26. f4 Nd8 27. Nd5 Qd7 28. e5 Nc6 29. c5 1-0

[Event "74th Superior Womens Argentine-ch 2023"]
[Site "Buenos Aires"]
[Date "2023.11.22"]
[Round "2.4"]
[White "Gaite, Karen Nerina"]
[Black "Zuriel, Marisa"]
[Result "0-1"]
[ECO "A61"]
[WhiteElo "1871"]
[BlackElo "2165"]
[Annotator "RC"]
[PlyCount "138"]
[EventDate "2023.11.20"]
[EventType "swiss"]
[EventCountry "ARG"]
[SourceTitle "playchess.com"]
[Source "ChessBase"]
[SourceQuality "1"]
[TimeControl "5400+30"]

1. d4 Nf6 2. c4 c5 3. d5 e6 4. Nc3 exd5 5. cxd5 d6 6. Nf3 g6 7. Bf4 a6 8. a4 Bg7 9. e3 O-O 10. h3 Qe7 11. Nd2 Nbd7 12. Nc4 Ne8 13. Be2 Ne5 14. Nb6 Rb8 15. O-O f5 16. Bh2 g5 17. Qd2 Bh6 18. f4 Nd7 19. Nxc8 Rxc8 20. Bd3 c4 21. Bc2 Nc5 22. e4 fxe4 23. Rae1 gxf4 24. Nxe4 Qh4 25. Rf3 Nd7 26. Qf2 Qxf2+ 27. Rxf2 b5 28. Ref1 Nb6 29. Bxf4 Bxf4 30. Rxf4 Rxf4 31. Rxf4 Nxd5 32. Rg4+ Kf8 33. Ng5 h6 34. Nh7+ Ke7 35. Bf5 Rc5 36. Re4+ Kd8 37. Nf8 Ndc7 38. g4 b4 39. Ng6 Nd5 40. Nf8 Ndc7 41. Ng6 Nd5 42. Nf8 Ng7 43. Bg6 c3 44. bxc3 bxc3 45. Re1 Nf4 46. Bc2 Nxh3+ 47. Kg2 Nf4+ 48. Kf3 Nd5 49. Re4 a5 50. Ng6 Nb4 51. Re2 Nxc2 52. Rxc2 Rc4 53. Nf4 Kd7 54. Nd5 Kc6 55. Ne3 Rc5 56. Rh2 h5 57. gxh5 Nxh5 58. Ke4 Ng7 59. Kd3 Ne6 60. Nc2 d5 61. Rh6 Kd7 62. Rh7+ Kd6 63. Rh6 Rc4 64. Na3 Rd4+ 65. Kxc3 Rxa4 66. Nb5+ Ke7 67. Rh7+ Kf6 68. Rd7 Rc4+ 69. Kd3 Nc5+ 0-1

[Event "74th Superior Womens Argentine-ch 2023"]
[Site "Buenos Aires"]
[Date "2023.11.22"]
[Round "2.5"]
[White "Brizzi, Milagros Tatiana"]
[Black "Semprevivo, Florencia"]
[Result "1-0"]
[ECO "B01"]
[WhiteElo "2076"]
[BlackElo "1871"]
[Annotator "RC"]
[PlyCount "47"]
[EventDate "2023.11.20"]
[EventType "swiss"]
[EventCountry "ARG"]
[SourceTitle "playchess.com"]
[Source "ChessBase"]
[SourceQuality "1"]
[TimeControl "5400+30"]

1. e4 d5 2. exd5 Qxd5 3. Nc3 Qa5 4. d4 Nf6 5. Nf3 c6 6. Bc4 Bf5 7. Bd2 Nbd7 8. Nd5 Qd8 9. Ne3 Bg6 10. Qe2 e6 11. h4 Bd6 12. O-O-O Qc7 13. Ng5 h5 14. Bxe6 fxe6 15. Nxe6 Qb8 16. Nxg7+ Kd8 17. Nc4 Rg8 18. Ne6+ Kc8 19. Rhe1 Re8 20. Qf3 Nd5 21. Qh3 b6 22. Ng5 N5f6 23. Rxe8+ Bxe8 24. Qe6 1-0

[Event "74th Superior Womens Argentine-ch 2023"]
[Site "Buenos Aires"]
[Date "2023.11.23"]
[Round "3.1"]
[White "Zuriel, Marisa"]
[Black "Borda Rodas, Anapaola S."]
[Result "0-1"]
[ECO "C70"]
[WhiteElo "2165"]
[BlackElo "2261"]
[Annotator "RC"]
[PlyCount "46"]
[EventDate "2023.11.20"]
[EventType "swiss"]
[EventCountry "ARG"]
[SourceTitle "playchess.com"]
[Source "ChessBase"]
[SourceQuality "1"]
[TimeControl "5400+30"]

1. e4 e5 2. Nf3 Nc6 3. Bb5 a6 4. Ba4 Nge7 5. d4 exd4 6. Nxd4 Nxd4 7. Qxd4 Nc6 8. Qd3 Bc5 9. Nc3 O-O 10. Bf4 d6 11. O-O b5 12. Bb3 Na5 13. Rfe1 Nxb3 14. axb3 Bb7 15. Be3 Bb4 16. Bd4 c5 17. Be3 Re8 18. Bd2 Qf6 19. Rad1 Rad8 20. Nd5 Bxd5 21. Bxb4 Bxe4 22. Rxe4 cxb4 23. Qxd6 Rf8 0-1

[Event "74th Superior Womens Argentine-ch 2023"]
[Site "Buenos Aires"]
[Date "2023.11.23"]
[Round "3.2"]
[White "Campos, Maria Jose"]
[Black "Brizzi, Milagros Tatiana"]
[Result "0-1"]
[ECO "A11"]
[WhiteElo "2208"]
[BlackElo "2076"]
[Annotator "RC"]
[PlyCount "46"]
[EventDate "2023.11.20"]
[EventType "swiss"]
[EventCountry "ARG"]
[SourceTitle "playchess.com"]
[Source "ChessBase"]
[SourceQuality "1"]
[TimeControl "5400+30"]

1. c4 c6 2. Nf3 d5 3. g3 Nf6 4. Bg2 dxc4 5. a4 a5 6. Na3 Be6 7. Ng5 Bd5 8. e4 h6 9. exd5 hxg5 10. dxc6 Nxc6 11. O-O g4 12. d4 cxd3 13. Bg5 Qd7 14. Re1 Qf5 15. Nb5 Rd8 16. Bxf6 gxf6 17. Qb3 Bh6 18. Nc7+ Kf8 19. Qxb7 Ne5 20. Nd5 Rd7 21. Qc8+ Kg7 22. Qc3 Nf3+ 23. Bxf3 gxf3 0-1

[Event "74th Superior Womens Argentine-ch 2023"]
[Site "Buenos Aires"]
[Date "2023.11.23"]
[Round "3.3"]
[White "Nejanky, Maisa"]
[Black "Sarquis, Maria Belen"]
[Result "0-1"]
[ECO "C22"]
[WhiteElo "1951"]
[BlackElo "2194"]
[Annotator "RC"]
[PlyCount "122"]
[EventDate "2023.11.20"]
[EventType "swiss"]
[EventCountry "ARG"]
[SourceTitle "playchess.com"]
[Source "ChessBase"]
[SourceQuality "1"]
[TimeControl "5400+30"]

1. e4 e5 2. d4 exd4 3. Qxd4 Nc6 4. Qe3 Nf6 5. Nc3 Bb4 6. Bd2 O-O 7. O-O-O Re8 8. Qg3 d6 9. f3 Be6 10. a3 Ba5 11. Nge2 b5 12. Nxb5 Bxd2+ 13. Rxd2 Ne5 14. Ned4 Bd7 15. Nc3 Rb8 16. Be2 Rb6 17. h4 Qb8 18. h5 h6 19. Nb3 a5 20. f4 Nc6 21. Bd3 Be6 22. Na4 Rxb3 23. cxb3 Nd4 24. e5 Nxb3+ 25. Kc2 dxe5 26. fxe5 Nd7 27. Rdd1 Nd4+ 28. Kb1 Qb3 29. Nc3 Rb8 30. Rd2 Nc5 31. Qf2 Nxd3 32. Rxd3 Bf5 33. Rhd1 Qxc3 34. Ka2 Qc4+ 35. b3 Qe6 36. Qxd4 Bxd3 37. Rxd3 a4 38. Qxa4 Qxe5 39. Qg4 Re8 40. a4 Qe1 41. Qd1 Qh4 42. g3 Qe7 43. Rd7 Qe5 44. Qf3 Rf8 45. Rd5 Qe7 46. Qd3 Qe1 47. a5 Qf2+ 48. Ka3 c6 49. Rf5 Qe1 50. Ka2 Re8 51. Qc4 Re2+ 52. Ka3 Qa1+ 53. Kb4 Qe1+ 54. Ka3 Qa1+ 55. Kb4 Qe1+ 56. Ka3 Re4 57. Qxf7+ Kh8 58. Qf8+ Kh7 59. Rf1 Qxa5+ 60. Kb2 Re2+ 61. Kc1 Qa1# 0-1

[Event "74th Superior Womens Argentine-ch 2023"]
[Site "Buenos Aires"]
[Date "2023.11.23"]
[Round "3.4"]
[White "Flores Mirabal, Nancy"]
[Black "Donda, Jazmin"]
[Result "1-0"]
[ECO "E01"]
[WhiteElo "1937"]
[BlackElo "1825"]
[Annotator "RC"]
[PlyCount "92"]
[EventDate "2023.11.20"]
[EventType "swiss"]
[EventCountry "ARG"]
[SourceTitle "playchess.com"]
[Source "ChessBase"]
[SourceQuality "1"]
[TimeControl "5400+30"]

1. Nf3 d5 2. g3 Nf6 3. Bg2 c5 4. O-O Nc6 5. d4 e6 6. c4 cxd4 7. Nxd4 Bc5 8. Nxc6 bxc6 9. Qa4 Bd7 10. Nc3 O-O 11. Bg5 Be7 12. Qc2 Rb8 13. Rab1 Qa5 14. Rfd1 Rfe8 15. e4 d4 16. e5 dxc3 17. Bxf6 gxf6 18. Rxd7 Qxa2 19. Qd1 Rxb2 20. Ra1 c2 21. Qg4+ Kf8 22. Rxa2 c1=Q+ 23. Rd1 Qc2 24. Rxb2 Qxb2 25. Bxc6 Rb8 26. Qh4 Qc2 27. Rd7 Rb2 28. Qf4 fxe5 29. Qe3 Qxc4 30. Be4 Qb4 31. Rxa7 Bc5 32. Qh6+ Ke8 33. Bc6+ Kd8 34. Qf6+ Kc8 35. Ra8+ Kc7 36. Qd8+ Kxc6 37. Rc8+ Kb5 38. Rb8+ Kc4 39. Rxb4+ Rxb4 40. Qd2 Bd4 41. Qc2+ Kb5 42. Qxh7 Rb2 43. Qxf7 Rxf2 44. Qxf2 Bxf2+ 45. Kxf2 Kc4 46. Ke3 Kd5 1-0

[Event "74th Superior Womens Argentine-ch 2023"]
[Site "Buenos Aires"]
[Date "2023.11.23"]
[Round "3.5"]
[White "Adam, Ernestina"]
[Black "Semprevivo, Florencia"]
[Result "1-0"]
[ECO "C84"]
[WhiteElo "2036"]
[BlackElo "1871"]
[Annotator "NA RC"]
[PlyCount "61"]
[EventDate "2023.11.20"]
[EventType "swiss"]
[EventCountry "ARG"]
[SourceTitle "playchess.com"]
[Source "ChessBase"]
[SourceQuality "1"]
[TimeControl "5400+30"]

1. e4 e5 2. Nf3 Nc6 3. Bb5 a6 4. Ba4 Nf6 5. O-O b5 6. Bb3 Be7 7. d3 O-O 8. c3 Bb7 9. Bg5 d6 10. Re1 Na5 11. Bc2 c5 12. d4 cxd4 13. cxd4 Nd7 14. Bxe7 Qxe7 15. Nc3 Rfc8 16. Nd5 Qd8 17. b3 Nc6 18. Rc1 Nf8 19. Ne3 Ng6 20. g3 Nb4 21. Bb1 Rxc1 22. Qxc1 exd4 23. Nxd4 Ne5 24. Qd1 g6 25. f4 Nec6 26. Nf3 a5 27. Qd2 Qb6 28. Kg2 Ne7 29. Ng4 d5 30. Qb2 Ra6 31. Nh6+ 1-0

[Event "74th Superior Womens Argentine-ch 2023"]
[Site "Buenos Aires"]
[Date "2023.11.24"]
[Round "4.1"]
[White "Borda Rodas, Anapaola S."]
[Black "Sarquis, Maria Belen"]
[Result "0-1"]
[ECO "C50"]
[WhiteElo "2261"]
[BlackElo "2194"]
[Annotator "RC"]
[PlyCount "86"]
[EventDate "2023.11.20"]
[EventType "swiss"]
[EventCountry "ARG"]
[SourceTitle "playchess.com"]
[Source "ChessBase"]
[SourceQuality "1"]
[TimeControl "5400+30"]

1. e4 e5 2. Nf3 Nc6 3. Bc4 Nf6 4. d3 Bc5 5. O-O O-O 6. h3 h6 7. Re1 Re8 8. c3 d6 9. b4 Bb6 10. a4 a6 11. Nbd2 Ne7 12. Bb3 Ng6 13. d4 c6 14. a5 Bc7 15. Bc2 Be6 16. Nf1 Nh5 17. d5 Bd7 18. Ne3 Nhf4 19. c4 Qf6 20. Ng4 Qe7 21. Be3 cxd5 22. cxd5 Rec8 23. Ba4 Bd8 24. Ngh2 Rc4 25. Bd2 b6 26. Bb3 Rcc8 27. Re3 Bb5 28. Nf1 Nd3 29. Qb1 Ndf4 30. Ng3 Qf6 31. Nf5 Ne7 32. Nxe7+ Qxe7 33. Kh2 Qd7 34. Ra2 Bc7 35. Ng1 bxa5 36. bxa5 Bb8 37. Rf3 Ng6 38. Bb4 Ba7 39. Qe1 Nf4 40. Rd2 Rab8 41. g3 Nd3 42. Rdxd3 Bxd3 43. Rxd3 Qb5 0-1

[Event "74th Superior Womens Argentine-ch 2023"]
[Site "Buenos Aires"]
[Date "2023.11.23"]
[Round "4.2"]
[White "Brizzi, Milagros Tatiana"]
[Black "Zuriel, Marisa"]
[Result "1/2-1/2"]
[ECO "B80"]
[WhiteElo "2076"]
[BlackElo "2165"]
[Annotator "RC"]
[PlyCount "206"]
[EventDate "2023.11.20"]
[EventType "swiss"]
[EventCountry "ARG"]
[SourceTitle "playchess.com"]
[Source "ChessBase"]
[SourceQuality "1"]
[TimeControl "5400+30"]

1. e4 c5 2. Nf3 d6 3. d4 cxd4 4. Nxd4 Nf6 5. Nc3 a6 6. Be3 e6 7. f3 h5 8. Qd2 b5 9. a4 b4 10. Na2 d5 11. e5 Nfd7 12. f4 Nc5 13. Bd3 a5 14. O-O g6 15. Nc1 Be7 16. Nce2 O-O 17. Rf3 Bd7 18. Raf1 Nc6 19. Nxc6 Bxc6 20. Nd4 Rc8 21. f5 exf5 22. Bxf5 Bd7 23. Qe2 Qc7 24. Bh6 Bxf5 25. Nxf5 Ne4 26. Nxe7+ Qxe7 27. Bxf8 Rxf8 28. Qd3 Qxe5 29. c3 bxc3 30. bxc3 Qe6 31. Qd4 Qc6 32. h3 Qe6 33. Rf4 Ng3 34. R4f2 Nxf1 35. Rxf1 Rc8 36. Rd1 Qc6 37. Qxd5 Qxa4 38. Rf1 Qc4 39. Qxa5 Qxc3 40. Qa2 Qe3+ 41. Kh1 Qe7 42. Qb2 Re8 43. Qa2 Qb7 44. Qc4 Re3 45. Qh4 Qd5 46. Kg1 Re2 47. Qg3 Qd4+ 48. Kh1 Rd2 49. Qf3 Qd5 50. Qg3 Rd1 51. Rxd1 Qxd1+ 52. Kh2 Qd5 53. Qb8+ Kg7 54. Qb2+ f6 55. Qb1 g5 56. Qc2 Qe5+ 57. Kg1 g4 58. hxg4 hxg4 59. Qd1 Qc5+ 60. Kf1 Qf5+ 61. Ke2 g3 62. Qh1 Qe4+ 63. Kd2 Qd4+ 64. Ke2 Kg6 65. Qh3 Qf2+ 66. Kd1 Kg5 67. Kc1 Qf4+ 68. Kb2 Qf2+ 69. Kc3 f5 70. Kd3 Qf1+ 71. Kd4 Qf4+ 72. Kd5 Qe4+ 73. Kc5 Qd3 74. Qh1 Qd2 75. Kc4 f4 76. Qh3 Qe3 77. Kd5 Qe2 78. Kd4 Qh5 79. Qe6 Qd1+ 80. Kc3 Qc1+ 81. Kb3 Qb1+ 82. Kc3 Qa1+ 83. Kc2 Qd4 84. Qg8+ Kf5 85. Qf7+ Ke5 86. Qe7+ Kd5 87. Qb7+ Kd6 88. Qb8+ Ke7 89. Qc7+ Kf6 90. Qc6+ Kg5 91. Qb5+ Kg4 92. Qe2+ Kg5 93. Qe7+ Qf6 94. Qb7 Qe5 95. Qa8 Qe2+ 96. Kc3 f3 97. Qg8+ Kf4 98. Qf7+ Ke3 99. Qa7+ Ke4 100. Qe7+ Kf4 101. Qf6+ Kg4 102. Qg6+ Kf4 103. Qf6+ Kg4 1/2-1/2

[Event "74th Superior Womens Argentine-ch 2023"]
[Site "Buenos Aires"]
[Date "2023.11.24"]
[Round "4.3"]
[White "Encina, Guadalupe"]
[Black "Campos, Maria Jose"]
[Result "0-1"]
[ECO "C54"]
[WhiteElo "1877"]
[BlackElo "2208"]
[Annotator "RC"]
[PlyCount "64"]
[EventDate "2023.11.20"]
[EventType "swiss"]
[EventCountry "ARG"]
[SourceTitle "playchess.com"]
[Source "ChessBase"]
[SourceQuality "1"]
[TimeControl "5400+30"]

1. e4 e5 2. Nf3 Nc6 3. Bc4 Nf6 4. d3 Bc5 5. c3 d6 6. O-O a6 7. Bb3 Ba7 8. Nbd2 O-O 9. h3 Ne7 10. Re1 Ng6 11. Nf1 Be6 12. Bc2 Qc8 13. Ng3 b5 14. d4 h6 15. Be3 c5 16. Qd2 Qb7 17. a3 Rfe8 18. Rad1 cxd4 19. cxd4 Rac8 20. Rc1 Red8 21. Bb1 Bc4 22. Red1 Bb6 23. Qe1 a5 24. Bd2 Qa7 25. Bc3 Bb3 26. Rd2 Re8 27. dxe5 dxe5 28. Nf5 Rc5 29. Nd6 Re6 30. Qe2 b4 31. Rdd1 bxc3 32. Rd3 Nf4 0-1

[Event "74th Superior Womens Argentine-ch 2023"]
[Site "Buenos Aires"]
[Date "2023.11.24"]
[Round "4.4"]
[White "Gaite, Karen Nerina"]
[Black "Adam, Ernestina"]
[Result "0-1"]
[ECO "A22"]
[WhiteElo "1871"]
[BlackElo "2036"]
[Annotator "NA RC"]
[PlyCount "44"]
[EventDate "2023.11.20"]
[EventType "swiss"]
[EventCountry "ARG"]
[SourceTitle "playchess.com"]
[Source "ChessBase"]
[SourceQuality "1"]
[TimeControl "5400+30"]

1. c4 e5 2. Nc3 Nf6 3. g3 d5 4. cxd5 Nxd5 5. Bg2 Nf6 6. d3 h6 7. Nf3 Nc6 8. O-O Be7 9. b3 O-O 10. Bb2 Be6 11. Rc1 Re8 12. Na4 Nd7 13. d4 exd4 14. Rxc6 bxc6 15. Nxd4 Bf6 16. Bxc6 Bh3 17. Re1 Rb8 18. e4 Bxd4 19. Bxd4 Ne5 20. Bxe5 Rxe5 21. Qc2 Re6 22. Bd5 Qxd5 0-1

[Event "74th Superior Womens Argentine-ch 2023"]
[Site "Buenos Aires"]
[Date "2023.11.24"]
[Round "4.5"]
[White "Donda, Jazmin"]
[Black "Nejanky, Maisa"]
[Result "1-0"]
[ECO "A59"]
[WhiteElo "1825"]
[BlackElo "1951"]
[Annotator "NA RC"]
[PlyCount "111"]
[EventDate "2023.11.20"]
[EventType "swiss"]
[EventCountry "ARG"]
[SourceTitle "playchess.com"]
[Source "ChessBase"]
[SourceQuality "1"]
[TimeControl "5400+30"]

1. d4 Nf6 2. c4 c5 3. d5 b5 4. cxb5 a6 5. bxa6 g6 6. Nc3 Bxa6 7. e4 Bxf1 8. Kxf1 d6 9. g3 Bg7 10. Kg2 Nbd7 11. Nf3 Qb6 12. Re1 O-O 13. h3 Qb7 14. Qc2 Nb6 15. a4 Nfd7 16. Ra2 Nc4 17. b3 Nce5 18. Nd2 c4 19. bxc4 Rfc8 20. Nd1 Nb6 21. Ne3 Qa6 22. a5 Nbxc4 23. Ndxc4 Nxc4 24. Nxc4 Rxc4 25. Qe2 Rac8 26. Bf4 Qa7 27. Be3 Qd7 28. Bb6 f5 29. exf5 Qxf5 30. Qe6+ Qxe6 31. Rxe6 Kf7 32. a6 Rb4 33. Be3 Rb5 34. Rd2 Ra5 35. a7 Be5 36. f4 Bf6 37. g4 Rc3 38. g5 Bg7 39. h4 Rca3 40. h5 Rxd5 41. Rxe7+ Kxe7 42. Rxd5 Ke6 43. Rb5 d5 44. h6 Ra2+ 45. Kf1 Bc3 46. Rb8 d4 47. a8=Q Rxa8 48. Rxa8 dxe3 49. Ke2 Bd4 50. Kf3 Kf5 51. Rf8+ Ke6 52. Rb8 Kf5 53. Rb5+ Ke6 54. Rb7 Kf5 55. Rf7+ Ke6 56. Rxh7 1-0

[Event "74th Superior Womens Argentine-ch 2023"]
[Site "Buenos Aires"]
[Date "2023.11.25"]
[Round "5.1"]
[White "Sarquis, Maria Belen"]
[Black "Brizzi, Milagros Tatiana"]
[Result "0-1"]
[ECO "B12"]
[WhiteElo "2194"]
[BlackElo "2076"]
[Annotator "ChessBase"]
[PlyCount "36"]
[EventDate "2023.11.20"]
[EventType "swiss"]
[EventCountry "ARG"]
[SourceTitle "playchess.com"]
[Source "ChessBase"]
[SourceQuality "1"]
[TimeControl "5400+30"]

1. e4 c6 2. d4 d5 3. e5 c5 4. Nf3 cxd4 5. Nxd4 Nc6 6. Nxc6 bxc6 7. Bd3 e6 8. O-O Ne7 9. Nd2 Ng6 10. Nf3 Be7 11. c3 O-O 12. Qa4 Bd7 13. Qg4 f5 14. exf6 Rxf6 15. Bg5 e5 16. Qh5 e4 17. Bxf6 Bxf6 18. Bc2 Nf4 0-1

[Event "74th Superior Womens Argentine-ch 2023"]
[Site "Buenos Aires"]
[Date "2023.11.25"]
[Round "5.2"]
[White "Adam, Ernestina"]
[Black "Borda Rodas, Anapaola S."]
[Result "1-0"]
[ECO "C54"]
[WhiteElo "2036"]
[BlackElo "2261"]
[Annotator "RC"]
[PlyCount "65"]
[EventDate "2023.11.20"]
[EventType "swiss"]
[EventCountry "ARG"]
[SourceTitle "playchess.com"]
[Source "ChessBase"]
[SourceQuality "1"]
[TimeControl "5400+30"]

1. e4 e5 2. Nf3 Nc6 3. Bc4 Bc5 4. c3 Nf6 5. d4 exd4 6. b4 Be7 7. e5 Ne4 8. b5 Na5 9. Bd3 Nxc3 10. Nxc3 dxc3 11. Qa4 b6 12. O-O d5 13. Nd4 O-O 14. Qc2 Kh8 15. Be3 Nc4 16. Bxc4 dxc4 17. Rad1 Qe8 18. f4 Bc5 19. Qe4 Bg4 20. Rc1 f5 21. Qc2 a6 22. a4 axb5 23. axb5 Qd7 24. Qf2 Rfd8 25. Nc6 Bxe3 26. Qxe3 Qd2 27. Rxc3 Ra2 28. Qg3 Rd3 29. Rxd3 cxd3 30. h3 Be2 31. Qh4 h6 32. Qd8+ Kh7 33. Ne7 1-0